 Dungeon Crawl Stone Soup version 0.32-a0-42-ga30500b4d3 (webtiles) character file.

Game seed: 12224568664270455623

33945 cforsyth the Warrior (level 14, -2/117 HPs)
             Began as a Djinni Hedge Wizard on Jan 31, 2024.
             Was an Initiate of Gozag.
             Slain by a catoblepas (23 damage)
             ... on level 2 of the Lair of Beasts.
             The game lasted 00:36:18 (23658 turns).

cforsyth the Warrior (Djinni Hedge Wizard)         Turns: 23658, Time: 00:36:19

Health: -2/117     AC:  8    Str:  9    XL:     14   Next: 10%
Gold:   2805       EV: 12    Int: 27    God:    Gozag SH:  0 Dex: 13

rFire   + + .        n - +3 dagger (drain)
rCold   x . .        (no shield)
rNeg    . . .        v - +1 robe {Will+}
rPois   ∞            u - +1 helmet
rElec   .            C - +1 cloak {rPois}
rCorr   .            i - +0 pair of gloves
SInv    +            (boots unavailable)
Will    ++...        (no amulet)
Stlth   ++           k - ring of see invisible
HPRegen 0.39/turn    w - +6 ring of intelligence
MPRegen 0.00/turn

%: infuse magic (-3 HP)
@: gold aura, flying
A: sickness immunity, fire resistance 2, cold vulnerability 1, float, innate
caster, HP casting, extra vitality 1
a: Renounce Religion, Potion Petition, Call Merchant, Bribe Branch


You were on level 2 of the Lair of Beasts.
You worshipped Gozag.
Gozag was most pleased with you.
You visited 3 branches of the dungeon, and saw 15 of its levels.
You also visited: Bailey.

You collected 2984 gold pieces.
You spent 101 gold pieces at shops.
You paid 78 gold pieces to Gozag.

Inventory:

Hand Weapons
 f - a +2 war axe of venom
 n - a +3 dagger of draining (weapon)
Armour
 i - a +0 pair of gloves (worn)
 u - a +1 helmet (worn)
 v - a +1 robe of willpower (worn)
 C - a +1 cloak of poison resistance (worn)
Jewellery
 k - a ring of see invisible (left hand)
 o - a +6 ring of strength
 s - a ring of resist corrosion
 w - a +6 ring of intelligence (right hand)
Wands
 b - a wand of polymorph (6)
 A - a wand of flame (14)
 D - a wand of mindburst (3)
 I - a wand of iceblast (3)
Scrolls
 a - a scroll of revelation {unknown}
 d - a scroll of blinking
 j - a scroll of enchant armour {unknown}
 q - 3 scrolls of torment
 x - a scroll of silence {unknown}
 y - 2 scrolls of teleportation
 E - 4 scrolls of identify
 G - a scroll of vulnerability {unknown}
 H - a scroll of fear
 J - a scroll of noise {unknown}
Potions
 c - a potion of magic {unknown}
 e - 2 potions of brilliance
 g - a potion of haste {unknown}
 h - a potion of degeneration {unknown}
 l - 5 potions of cancellation
 m - 5 potions of enlightenment
 p - 3 potions of curing {unknown}
 r - 3 potions of attraction
 t - 6 potions of berserk rage
 z - 3 potions of mutation
 B - a potion of ambrosia {unknown}
 F - 2 potions of heal wounds
 K - a potion of might {unknown}


   Skills:
 + Level 16.5 Fighting
 - Level 2.1 Dodging
 - Level 1.5 Stealth
 + Level 13.0 Spellcasting
 + Level 13.0 Conjurations
 + Level 13.0 Hexes
 + Level 13.0 Summonings
 + Level 13.0 Necromancy
 + Level 13.0 Translocations
 + Level 13.0 Fire Magic
 + Level 13.0 Ice Magic
 + Level 13.0 Air Magic
 + Level 13.0 Earth Magic
 + Level 13.0 Alchemy


You knew the following spells:

 Your Spells              Type           Power      Damage    Failure   Level
a - Magic Dart            Conj           100%       1d8       0%          1
b - Slow                  Hex            100%       N/A       0%          1
c - Blink                 Tloc           100%       N/A       1%          2
d - Call Imp              Summ           100%       N/A       1%          2
e - Mephitic Cloud        Conj/Alch/Air  73%        N/A       1%          3
f - Freeze                Ice            100%       1d10      0%          1
g - Jinxbite              Hex            100%       N/A       1%          2
h - Searing Ray           Conj           100%       2d8       1%          2
i - Sigil of Binding      Hex            73%        N/A       1%          3
j - Lee's Rapid Deconstr  Erth           36%        3d18*     1%          5
k - Alistair's Intoxicat  Alch           48%        N/A       1%          5
Your spell library was empty.

Dungeon Overview and Level Annotations

Branches:
Dungeon (12/15)            Temple (1/1) D:5            Lair (2/5) D:8
  Swamp (0/4) Lair:2          Orc (0/2) D:9          Bailey (visited)
  Snake: Lair:2-3    Spider: Lair:2-3

Altars:
Ashenzari
Cheibriados
Dithmenos
Elyvilon
Fedhas
Gozag
Hepliaklqana
Makhleb
Nemelex Xobeh
Okawaru
Qazlal
Ru
Trog
Uskayaw
Wu Jian
Xom
Yredelemnul
Zin
The Shining One

Shops:
D:1 *

Portals:
Abyss: Lair:2

Annotations:
Lair:2 2 transporters, Nasow's ghost, journeyman TrSh


Innate Abilities, Weirdness & Mutations

You are immune to sickness and miasma.
You are immune to poison.
Your flesh is very heat resistant. (rF++)
You are vulnerable to cold. (rC-)
You float through the air rather than walking.
You learn spells naturally, not from books.
Your magical power is your life essence.
You have superior vitality. (+4 MHP)


Message History

The catoblepas is severely wounded.
You hear a bellow! x2; You hear a faint skittering sound. x2
Casting: Lee's Rapid Deconstruction (mildly dangerous; 1% risk of failure)
Confirm with . or Enter, or press ? or * to list all spells.
Aiming: Lee's Rapid Deconstruction (mildly dangerous; 1% risk of failure)
Press: ? - help, Dir - move target A rock wall.
The wall shatters!
The blast of rock fragments hits the catoblepas!
The catoblepas is severely wounded.
You hear an angry hiss.
You hear a bellow!
The catoblepas seems less confused.
The catoblepas breathes a plume of calcifying dust at you.
The blast of calcifying dust hits you.
* * * LOW HITPOINT WARNING * * *
Casting: Lee's Rapid Deconstruction (mildly dangerous; 1% risk of failure)
Confirm with . or Enter, or press ? or * to list all spells.
Aiming: Lee's Rapid Deconstruction (mildly dangerous; 1% risk of failure)
Press: ? - help, Dir - move target A rock wall.
Okay, then.
The catoblepas attacks as it pursues you!
The catoblepas gores you!!
* * * LOW HITPOINT WARNING * * *
Casting: Lee's Rapid Deconstruction (mildly dangerous; 1% risk of failure)
Confirm with . or Enter, or press ? or * to list all spells.
You don't know that spell.
Casting: Lee's Rapid Deconstruction (mildly dangerous; 1% risk of failure)
Confirm with . or Enter, or press ? or * to list all spells.
Okay, then.
You feel much better.
The catoblepas breathes a plume of calcifying dust at you.
The blast of calcifying dust hits you!
* * * LOW HITPOINT WARNING * * *
A yak comes into view. x2
The yak moves out of view.
The catoblepas attacks as it pursues you!
The catoblepas gores you!!
You die...
Your body crumbles into a pile of gold.

#..........### .©.
##........## ###
#P...#...©# #.##
#....##...#### ##..##
##....(......####..°.###.
#.....#..........$☼.......
##...##..§§§§§§§..°$......
#....#....#§§§.##.###....
##..........@Y..#### ...
#...............## ..
##..#....#.......##. .
#..#.............YY.
#.......+...........(
...#....#...........P
##..#...........###...
#..#...........# ...
#............)## ..


You could see a catoblepas and 2 yaks.

Vanquished Creatures
  Gastronok (Lair:2)
  2 vault guards (Bailey)
  A hydra (Lair:2)
  4 two-headed ogres
  2 boulder beetles
  Urug (D:11)
  A fire crab (D:8)
  5 skeletal warriors
  2 bog bodies (Lair:2)
  2 cyclopes
  3 elephants (Lair:1)
  2 molten gargoyles (D:10)
  3 black mambas (Lair:1)
  3 gargoyles
  7 cane toads
  2 komodo dragons
  2 unseen horrors
  A rime drake (Lair:2)
  A kobold demonologist (D:11)
  3 trolls
  2 hornets
  3 blink frogs (Lair:2)
  Prince Ribbit (Bailey)
  3 slime creatures (D:10)
  2 shadows
  4 wraiths
  Sigmund (D:4)
  3 wyverns
  A basilisk (D:11)
  29 yaks
  A steam dragon (D:8)
  7 humans (Bailey)
  2 acid dragons
  7 water moccasins
  3 black bears
  An ice beast (D:7)
  3 orc warriors
  2 sky beasts
  3 ogres
  2 phantoms
  6 wolves
  2 centaurs
  3 kobold brigands (D:9)
  12 bullfrogs
  2 scorpions
  8 wights
  5 killer bees (D:9)
  4 howler monkeys
  3 electric eels (D:11)
  2 lava snakes (D:10)
  3 bombardier beetles
  A hound (D:5)
  2 jellies
  5 orc priests
  2 gnoll boudas
  A sleepcap (D:7)
  3 iguanas
  10 orc wizards
  Robin (D:2)
  11 gnolls
  7 adders
  A shadow imp (D:7)
  A white imp (D:7)
  2 ufetubi (D:6)
  2 dart slugs
  2 ribbon worms
  34 orcs
  8 endoplasms
  3 giant cockroaches
  13 goblins
  13 hobgoblins
  6 jackals
  22 kobolds
  3 quokkas
  9 ball pythons
  5 bats
  3 frilled lizards
  3 rats
351 creatures vanquished.

Vanquished Creatures (collateral kills)
  Crazy Yiuf (D:2)
  An orc wizard (D:9)
2 creatures vanquished.

Grand Total: 353 creatures vanquished

Notes
Turn   | Place    | Note
-------+----------+-------------------------------------------
     0 | D:1      | cforsyth the Djinni Hedge Wizard began the quest for the
                  | Orb.
     0 | D:1      | cforsyth set off with the following spells memorised: Magic
                  | Dart, Slow, Blink, Call Imp, Mephitic Cloud.
     0 | D:1      | Reached XP level 1. HP: 15/15 MP: 0/0
     6 | D:1      | Noticed a polar bear
     6 | D:1      | Noticed a killer bee
     6 | D:1      | Noticed a hound
     7 | D:1      | Noticed a komodo dragon
     7 | D:1      | Noticed a wyvern
    90 | D:1      | Reached XP level 2. HP: 13/22 MP: 0/0
    96 | D:1      | Reached skill level 1 in Fighting
   404 | D:1      | Reached XP level 3. HP: 22/27 MP: 0/0
   404 | D:1      | Learned a level 1 spell: Freeze
   425 | D:1      | Found Uriuda's Assorted Antiques.
  1374 | D:2      | Reached skill level 2 in Fighting
  1408 | D:2      | Reached XP level 4. HP: 27/33 MP: 0/0
  1466 | D:2      | Noticed Robin
  1696 | D:2      | Killed Robin
  2149 | D:2      | Found a runed translucent door.
  2150 | D:2      | Noticed Crazy Yiuf
  2235 | D:3      | Reached XP level 5. HP: 27/40 MP: 0/0
  2235 | D:3      | Learned a level 2 spell: Jinxbite
  2336 | D:3      | Reached skill level 3 in Fighting
  3373 | D:4      | Noticed Sigmund
  3389 | D:4      | Killed Sigmund
  3390 | D:4      | Reached skill level 4 in Fighting
  3390 | D:4      | Reached XP level 6. HP: 26/48 MP: 0/0
  3680 | D:4      | Reached XP level 7. HP: 28/53 MP: 0/0
  3680 | D:4      | Learned a level 2 spell: Searing Ray
  4150 | D:4      | Reached skill level 5 in Fighting
  4150 | D:4      | Reached skill level 5 in Spellcasting
  4150 | D:4      | Reached skill level 5 in Conjurations
  4150 | D:4      | Reached skill level 5 in Hexes
  4150 | D:4      | Reached skill level 5 in Summonings
  4150 | D:4      | Reached skill level 5 in Necromancy
  4150 | D:4      | Reached skill level 5 in Translocations
  4150 | D:4      | Reached skill level 5 in Fire Magic
  4150 | D:4      | Reached skill level 5 in Ice Magic
  4150 | D:4      | Reached skill level 5 in Air Magic
  4150 | D:4      | Reached skill level 5 in Earth Magic
  4150 | D:4      | Reached skill level 5 in Alchemy
  4512 | D:4      | Identified the +2 pair of gloves "Eppiwkyd" {Int+2}
  4569 | D:5      | Entered Level 5 of the Dungeon
  4660 | D:5      | Found a hazy altar of Hepliaklqana.
  4678 | D:5      | Found a staircase to the Ecumenical Temple.
  4705 | Temple   | Entered the Ecumenical Temple
  4761 | Temple   | Became a worshipper of Gozag Ym Sagoz the Greedy
  5246 | D:5      | Reached XP level 8. HP: 49/61 MP: 0/0
  5327 | D:5      | Reached skill level 6 in Fighting
  5788 | D:1      | Bought a smoky cyan potion for 19 gold pieces
  5788 | D:1      | Bought a scroll labelled LIAV LOOPNA for 22 gold pieces
  5788 | D:1      | Bought a scroll labelled EMAHOSCH CUAGE for 22 gold pieces
  5788 | D:1      | Bought a smoky cyan potion for 19 gold pieces
  5788 | D:1      | Bought a viscous black potion for 19 gold pieces
  5865 | D:2      | Killed Crazy Yiuf
  6372 | D:6      | Reached skill level 7 in Fighting
  6380 | D:6      | Noticed a two-headed ogre
  6993 | D:6      | Killed a two-headed ogre
  6994 | D:6      | Reached skill level 8 in Fighting
  6994 | D:6      | Reached XP level 9. HP: 30/71 MP: 0/0
  6994 | D:6      | Learned a level 3 spell: Sigil of Binding
  7886 | D:7      | Reached skill level 9 in Fighting
  8363 | D:7      | Reached XP level 10. HP: 74/78 MP: 0/0
  8825 | D:8      | Noticed a fire crab
  9298 | D:8      | Found a staircase to the Lair.
  9630 | D:8      | Reached skill level 10 in Fighting
  9728 | D:8      | Killed a fire crab
 10263 | D:8      | Reached skill level 11 in Fighting
 10457 | D:9      | Reached XP level 11. HP: 40/87 MP: 0/0
 10457 | D:9      | Learned a level 5 spell: Lee's Rapid Deconstruction
 10600 | D:9      | Noticed a two-headed ogre
 10755 | D:9      | HP: 1/87 [two-headed ogre/+0 giant club (9)]
 10794 | D:9      | Found a flagged portal.
 10801 | Bailey   | Entered a bailey
 11167 | Bailey   | Reached skill level 12 in Fighting
 11780 | Bailey   | Noticed a vault guard
 11817 | Bailey   | Noticed Prince Ribbit
 11855 | Bailey   | Killed a vault guard
 11856 | Bailey   | Killed Prince Ribbit
 12055 | Bailey   | Noticed a vault guard
 12060 | Bailey   | Killed a vault guard
 12061 | Bailey   | Reached skill level 10 in Spellcasting
 12061 | Bailey   | Reached skill level 10 in Conjurations
 12061 | Bailey   | Reached skill level 10 in Hexes
 12061 | Bailey   | Reached skill level 10 in Summonings
 12061 | Bailey   | Reached skill level 10 in Necromancy
 12061 | Bailey   | Reached skill level 10 in Translocations
 12061 | Bailey   | Reached skill level 10 in Fire Magic
 12061 | Bailey   | Reached skill level 10 in Ice Magic
 12061 | Bailey   | Reached skill level 10 in Air Magic
 12061 | Bailey   | Reached skill level 10 in Earth Magic
 12061 | Bailey   | Reached skill level 10 in Alchemy
 12242 | D:9      | Killed a two-headed ogre
 12658 | D:9      | Found a staircase to the Orcish Mines.
 12941 | D:10     | Entered Level 10 of the Dungeon
 13214 | D:10     | Reached skill level 13 in Fighting
 13487 | D:10     | Reached XP level 12. HP: 95/98 MP: 0/0
 15063 | D:11     | Noticed a two-headed ogre
 15071 | D:11     | Noticed Urug
 15189 | D:11     | Noticed a boulder beetle
 15227 | D:11     | Killed a boulder beetle
 15398 | D:11     | Killed Urug
 15424 | D:11     | Killed a two-headed ogre
 15425 | D:11     | Reached skill level 14 in Fighting
 16582 | D:12     | Noticed a skeletal warrior
 16582 | D:12     | Noticed a skeletal warrior
 16582 | D:12     | Noticed a skeletal warrior
 16583 | D:12     | Noticed a skeletal warrior
 16583 | D:12     | Noticed a skeletal warrior
 16585 | D:12     | Killed a skeletal warrior
 16590 | D:11     | Killed a skeletal warrior
 16861 | D:12     | Noticed a two-headed ogre
 17262 | D:12     | Killed a two-headed ogre
 17298 | D:12     | Killed a skeletal warrior
 17299 | D:12     | Reached XP level 13. HP: 26/106 MP: 0/0
 17299 | D:12     | Learned a level 5 spell: Alistair's Intoxication
 17622 | D:12     | Reached skill level 15 in Fighting
 18871 | Lair:1   | Entered Level 1 of the Lair of Beasts
 21684 | Lair:2   | Noticed Gastronok
 21690 | Lair:2   | Killed Gastronok
 21691 | Lair:2   | Reached skill level 16 in Fighting
 21927 | Lair:2   | Noticed a six-headed hydra
 21941 | Lair:2   | Killed a six-headed hydra
 23153 | Lair:2   | Reached XP level 14. HP: 75/117 MP: 0/0
 23302 | Lair:2   | Found a staircase to the Swamp.
 23580 | Lair:2   | Found a one-way gate to the infinite horrors of the Abyss.
 23580 | Lair:2   | Noticed Nasow's ghost (journeyman TrSh)
 23582 | Lair:2   | Found a transporter.
 23617 | Lair:2   | Found a transporter.
 23658 | Lair:2   | Slain by a catoblepas

Illustrated notes

Levels and vault maps discovered:
D:1:      onia_arrival_zoo_common, layout_basic, serial_shops,
          nicolae_shop_tiny_statue_garden, chequers_big_river
D:2:      layout_rooms, uniq_crazy_yiuf_cottage, uniq_robin
D:3:      layout_loops_ring
D:4:      layout_loops_corners, uniq_sigmund
D:5:      layout_basic, mainiacjoe_overflow_small_starburst, temple_doors_e
D:6:      layout_rooms
D:7:      layout_cave_pods
D:8:      layout_cave_pools, minmay_lair_entry_lava
D:9:      layout_loops_ring, orc_0_dummy, enter_bailey_2,
          kennysheep_generic_room_12
D:10:     layout_cross, amethyst_killhole, minivault_8
D:11:     nicolae_moon_pools, layout_long_grid, minmay_diced_spiral, uniq_urug
D:12:     layout_rooms
Temple:   mainiacjoe_temple_starburst
Lair:1:   layout_cave_pods, grunt_megastairs_4, lemuel_fruit_fields,
          infiniplex_staircase_pool_2
Lair:2:   layout_chaotic_city, skrybe_swamp_entry_bodies,
          spider_nest_entry_funnel_web, gammafunk_ghost_abyssal_escape,
          uniq_gastronok

Skill      XL: |  1  2  3  4  5  6  7  8  9 10 11 12 13 14 |
---------------+-------------------------------------------+-----
Fighting       | 1 2 4 5 8 9 11 13 14 16 | 16.5
Spellcasting   | 4 5 7 9 10 11 12 13 | 13.0
Conjurations   | 4 5 7 9 10 11 12 13 | 13.0
Hexes          | 4 5 7 9 10 11 12 13 | 13.0
Summonings     | 4 5 7 9 10 11 12 13 | 13.0
Necromancy     | 4 5 7 9 10 11 12 13 | 13.0
Translocations | 4 5 7 9 10 11 12 13 | 13.0
Fire Magic     | 4 5 7 9 10 11 12 13 | 13.0
Ice Magic      | 4 5 7 9 10 11 12 13 | 13.0
Air Magic      | 4 5 7 9 10 11 12 13 | 13.0
Earth Magic    | 4 5 7 9 10 11 12 13 | 13.0
Alchemy        | 4 5 7 9 10 11 12 13 | 13.0
Dodging        | |  2.1
Stealth        | |  1.5

Action                     |  1- 3 |  4- 6 |  7- 9 | 10-12 | 13-15 || total
---------------------------+-------+-------+-------+-------+-------++-------
  Melee: Dagger            |    12 |       |    15 |    75 |    11 ||   113
   Cast: Magic Dart        |    77 |   171 |   234 |   258 |     6 ||   746
         Mephitic Cloud    |       |     3 |    15 |    62 |     5 ||    85
         Call Imp          |       |       |     7 |       |     3 ||    10
         Searing Ray       |       |       |    10 |    29 |    18 ||    57
         Lee's Rapid Decon |       |       |       |   117 |   140 ||   257
         Freeze            |       |       |       |     1 |     1 ||     2
         Blink             |       |       |       |     2 |     2 ||     4
         Slow              |       |       |       |       |     1 ||     1
  Evoke: Wand              |       |       |       |    11 |     2 ||    13
    Use: Scroll            |       |       |     4 |    17 |       ||    21
         Potion            |       |       |       |     2 |     1 ||     3
   Stab: Confused          |       |       |     1 |    11 |       ||    12
         Distracted        |       |       |       |     1 |       ||     1
 Armour: Robe              |    15 |    42 |    66 |   119 |    71 ||   313
  Dodge: Dodged            |    18 |    30 |    61 |   111 |    43 ||   263

Table legend: (Time is in decaauts)
 A = Elapsed time spent in this place.
 B = Non-inter-level travel time spent in this place.
 C = Inter-level travel time spent in this place.
 D = Time resting spent in this place.
 E = Time spent auto-exploring this place.
 F = Levels seen in this place.
 G = Mean time per level.
                   A        B        C        D        E       F      G
               +--------+--------+--------+--------+--------+-----+--------+
         Total |  23688 |  22598 |   1090 |   6160 |  13156 |  16 | 1480.5 |
       Dungeon |  17841 |  16973 |    868 |   3369 |  10987 |  12 | 1486.8 |
        Temple |    110 |      1 |    109 |      0 |      0 |   1 |  110.0 |
          Lair |   4335 |   4223 |    112 |   1728 |   2037 |   2 | 2167.5 |
        Bailey |   1400 |   1400 |      0 |   1063 |    132 |   1 | 1400.0 |
               +--------+--------+--------+--------+--------+-----+--------+

Top non-repeatable levels by time:
    D:11: 3289 daAuts
  Lair:1: 3054 daAuts
    D:10: 1901 daAuts
     D:5: 1859 daAuts
     D:7: 1683 daAuts
     D:1: 1483 daAuts
     D:9: 1402 daAuts
  Bailey: 1400 daAuts
     D:8: 1359 daAuts
  Lair:2: 1280 daAuts
     D:4: 1271 daAuts
     D:3: 1169 daAuts
     D:2: 985 daAuts
     D:6: 765 daAuts
    D:12: 670 daAuts
